 Dungeon Crawl Stone Soup version 0.28-a0-1629-gf728b707aa (webtiles) character file.

Game seed: 4436305629636338086

1482 issech the Cudgeller (level 8, -17/71 HPs)
             Began as a Troll Monk on Jan 25, 2022.
             Was a Priest of Hepliaklqana.
             Killed from afar by Maggie (32 damage)
             ... with a bolt of acid
             ... on level 6 of the Dungeon.
             The game lasted 00:25:21 (5172 turns).

issech the Cudgeller (Troll Monk)                   Turns: 5172, Time: 00:25:22

Health: -17/71     AC:  4    Str: 20    XL:     8   Next: 50%
Magic:  7/7        EV: 11    Int: 12    God:    Hepliaklqana [***...]
Gold:   266        SH:  0    Dex: 14    Spells: 7/7 levels left

rFire   . . .      SeeInvis .   I - +1 flail (vorpal)
rCold   . . .      Faith    .   r - orb {mayhem}
rNeg    . . .      Spirit   .   b - +0 robe
rPois   .          Reflect  .   (helmet restricted)
rElec   .          Harm     .   (no cloak)
rCorr   .          Rampage  .   (gloves unavailable)
Will    .....                   (boots unavailable)
Stlth   ++........              i - amulet of regeneration
HPRegen 1.81/turn               p - +6 ring of intelligence
MPRegen 0.10/turn               (no ring)

@: no status effects
A: reduced essence, large, unfitting armour, claws 3, regeneration 1, shaggy fur
1, tough skin 1
a: Renounce Religion, Recall Ancestor, Ancestor Identity, Transference


You were on level 6 of the Dungeon.
You worshipped Hepliaklqana.
Hepliaklqana was most pleased with you.
You visited 2 branches of the dungeon, and saw 7 of its levels.

You collected 266 gold pieces.

Inventory:

Hand Weapons
 a - a +0 mace
 k - a +0 hunting sling
 m - a +0 giant club
 o - a +0 dire flail
 x - a +1 antimagic war axe
 y - a +0 morningstar
 D - a +0 whip of distortion
 E - a +0 halberd
 I - a +1 vorpal flail (weapon)
Missiles
 c - 45 bolts
 g - 12 poisoned darts (quivered)
 j - 222 stones
 z - 42 arrows
 B - a throwing net
 G - 2 curare-tipped darts
 H - 23 sling bullets
Armour
 b - a +0 robe (worn)
 r - an orb of mayhem (worn)
Magical Staves
 L - a staff of fire
Jewellery
 i - an amulet of regeneration (around neck)
 p - a +6 ring of intelligence (left claw)
 K - an amulet of magic regeneration
Wands
 M - a wand of iceblast (9)
Scrolls
 f - 2 scrolls of immolation {unknown}
 h - 3 scrolls of enchant armour {unknown}
 n - 4 scrolls of teleportation {unknown}
 q - a scroll of identify {unknown}
 t - 2 scrolls of blinking {unknown}
 u - a scroll of amnesia {unknown}
 w - a scroll of silence {unknown}
 J - a scroll of fear {unknown}
 N - a scroll of fog {unknown}
Potions
 d - a potion of mutation {unknown}
 e - a potion of heal wounds {unknown}
 l - a potion of haste
 s - a potion of lignification {unknown}
 v - a potion of magic {unknown}
 A - a potion of resistance {unknown}
 C - 2 potions of ambrosia {unknown}
 F - 3 potions of curing {unknown}


   Skills:
 + Level 4.6 Fighting
 + Level 7.0 Maces & Flails
 + Level 5.0 Dodging
 + Level 2.3 Stealth


You had 7 spell levels left.
You didn't know any spells.
Your spell library contained the following spells:

 Spells                   Type           Power      Damage    Failure   Level
 Gell's Gravitas          Tloc           0%         N/A       69%         3
 Lesser Beckoning         Tloc           0%         N/A       69%         3
 Teleport Other           Tloc           0%         N/A       69%         3
 Fulminant Prism          Conj/Hex       0%         3d6       97%         4
 Iskenderun's Mystic Bla  Conj/Tloc      0%         2d3       97%         4
 Lee's Rapid Deconstruct  Erth           0%         3d5*      100%        5


Dungeon Overview and Level Annotations

Branches:
Dungeon (6/15)             Temple (1/1) D:4

Altars:
Ashenzari
Cheibriados
Dithmenos
Elyvilon
Gozag
Hepliaklqana
Kikubaaqudgha
Makhleb
Nemelex Xobeh
Okawaru
Qazlal
Ru
Sif Muna
Trog
Uskayaw
Vehumet
Wu Jian
Xom
Yredelemnul
Zin
The Shining One

Shops:
D:5 *

Annotations:
D:6 Maggie


Innate Abilities, Weirdness & Mutations

Your life essence is reduced to manifest your ancestor. (-10% HP)
You are too large for most types of armour.
You have claws for hands.
Your natural rate of healing is unusually fast.
You are covered in fur. (AC +1)
You have tough skin. (AC +1)


Message History

The puff of frost hits the white imp.
The white imp resists.
You closely miss the orc.
You feel sick. The white imp gestures at you. The puff of frost hits you.
Tochtli barely misses the white imp.
The orc hits you with a +0 whip.
Unknown command.
You sock the orc!
You kill the orc!
The white imp flies into a frenzy!
You feel sick.
The white imp closely misses Tochtli.
Tochtli hits the white imp with a +0 quarterstaff!
The white imp closely misses Tochtli.
Tochtli closely misses the white imp.
You feel sick. The white imp hits you. The white imp freezes you.
The white imp barely misses Tochtli.
Tochtli hits the white imp with a +0 quarterstaff!
The white imp dies!
You feel sick.
A white imp comes into view.
You feel sick.
A scorpion comes into view.
You feel sick.
You are no longer poisoned.
Maggie the Vainglorious comes into view.
She is wielding a +0 war axe of flaming and carrying a wand of acid (5).
The white imp gestures at you. The puff of frost hits you!
Tochtli closely misses the white imp.
Tochtli hits the white imp with a +0 quarterstaff!
The white imp dies!
Maggie points at you and mumbles some strange words.
The bolt of fire hits you!!
* * * LOW HITPOINT WARNING * * *
The scorpion stings you but does no damage.
You hit the scorpion but do no damage. The scorpion barely misses you.
Tochtli hits the scorpion with a +0 quarterstaff!
You hit the scorpion.
You kill the scorpion!
Maggie drinks a potion.
Maggie seems to speed up.
Your Maces & Flails skill increases to level 7!
Your Dodging skill increases to level 5!
Maggie zaps a wand.
The bolt of acid hits you!!
You die...

#.....# #.....#
#.....# #.. ####.###
#.# #...@..# #>#
#.##.#.# #.#
.######@##.#.# #.#
.....$).R†.#)# #.#
..###.#@####.#####.#
...#.# #.......#####
##.
#......######.....
#.........# #.#### .
......### #.#### ##
#####.# #.#... ...
#.#.## #. .#
###..... #.
#.......#...


You could see the friendly Tochtli the battlemage and Maggie (fast).

Vanquished Creatures
  Menkaure (D:6)
  A necrophage (D:4)
  An ogre (D:4)
  A bullfrog (D:4)
  A scorpion (D:6)
  A hound (D:4)
  2 centaur skeletons
  A bullfrog skeleton (D:5)
  An iguana (D:2)
  A hound skeleton (D:4)
  A gnoll (D:4)
  6 adders
  An adder skeleton (D:2)
  2 worms
  4 dart slugs
  10 orcs
  A bat skeleton (D:2)
  A bat zombie (D:2)
  6 endoplasms
  3 giant cockroaches
  7 goblins
  4 hobgoblins
  5 jackals
  7 kobolds
  5 quokkas
  11 ball pythons
  A ball python zombie (D:2)
  4 bats
  5 frilled lizards
  4 rats
99 creatures vanquished.

Vanquished Creatures (collateral kills)
  The ghost of ThrustWizard the Chiller, an amateur GnWn of Ashenzari (D:4)
  Edmund (D:5)
  Duvessa (D:6)
  A phantom (D:5)
  A scorpion (D:6)
  Dowan (D:6)
  A hound (D:5)
  An iguana (D:5)
  An orc wizard (D:6)
  A scorpion zombie (D:5)
  A hound skeleton (D:5)
  2 howler monkey skeletons (D:5)
  An adder (D:5)
  3 gnolls (D:4)
  3 white imps
  2 orcs
  An endoplasm (D:4)
  A goblin (D:4)
  4 jackals
28 creatures vanquished.

Vanquished Creatures (others)
  An orc wizard (D:4)
  A plant (D:4)
  5 withered plants (D:2)
7 creatures vanquished.

Grand Total: 134 creatures vanquished

Notes
Turn   | Place    | Note
-------+----------+-------------------------------------------
     0 | D:1      | issech the Troll Monk began the quest for the Orb.
     0 | D:1      | Reached XP level 1. HP: 22/22 MP: 0/0
    34 | D:1      | Found a faded altar of an unknown god.
   103 | D:1      | Reached XP level 2. HP: 29/29 MP: 1/1
   292 | D:1      | Reached skill level 3 in Maces & Flails
   451 | D:1      | Reached XP level 3. HP: 36/36 MP: 2/2
  1387 | D:2      | Reached XP level 4. HP: 23/44 MP: 3/3
  1583 | D:2      | You fall into a shaft and drop 2 floors!
  1585 | D:4      | Reached skill level 4 in Maces & Flails
  1642 | D:4      | Noticed an ogre
  1700 | D:4      | Killed an ogre
  1701 | D:4      | Reached XP level 5. HP: 53/53 MP: 4/4
  3201 | D:4      | Noticed a necrophage
  3249 | D:4      | Killed a necrophage
  3250 | D:4      | Reached skill level 5 in Maces & Flails
  3250 | D:4      | Reached XP level 6. HP: 37/55 MP: 5/5
  3441 | D:4      | Found a staircase to the Ecumenical Temple.
  3452 | Temple   | Entered the Ecumenical Temple
  3581 | Temple   | Became a worshipper of Hepliaklqana the Forgotten
  3581 | Temple   | Reached * piety under Hepliaklqana
  3581 | Temple   | Reached ** piety under Hepliaklqana
  3582 | Temple   | Remembered your ancestor Tochtli as a battlemage
  3665 | D:4      | Noticed ThrustWizard's ghost (amateur GnWn)
  3669 | D:4      | Found a runed translucent door.
  4108 | D:4      | Killed ThrustWizard's ghost
  4109 | D:4      | Reached XP level 7. HP: 46/61 MP: 6/6
  4178 | D:5      | Entered Level 5 of the Dungeon
  4378 | D:5      | Noticed Edmund
  4385 | D:5      | Killed Edmund
  4386 | D:5      | Reached skill level 6 in Maces & Flails
  4540 | D:5      | Found Novigo's Overcharged Wands.
  4860 | D:5      | Reached XP level 8. HP: 69/70 MP: 7/7
  4877 | D:5      | Reached *** piety under Hepliaklqana
  5060 | D:6      | Noticed Duvessa
  5061 | D:6      | Noticed Dowan
  5067 | D:6      | Killed Duvessa
  5070 | D:6      | Killed Dowan
  5135 | D:6      | Noticed Menkaure
  5138 | D:6      | Killed Menkaure
  5165 | D:6      | Noticed Maggie
  5171 | D:6      | Reached skill level 7 in Maces & Flails
  5171 | D:6      | Reached skill level 5 in Dodging
  5172 | D:6      | Killed from afar by Maggie

Illustrated notes

Levels and vault maps discovered:
D:1:      dpeg_arrival_oval, layout_basic,
          hellmonk_ecumenical_altar_arch_garden, st_stairs_14,
          hangedman_feature_mirror
D:2:      layout_loops_corners, serial_undead, serial_undead_f, serial_undead_d,
          serial_undead_c, serial_undead_c, serial_undead_f, serial_undead_f,
          serial_undead_b, minmay_heptomino_d4
D:3:      layout_basic, roderic_lattice_a
D:4:      layout_basic, minmay_temple_entry_enclosed_plants,
          hellmonk_ghost_happy_afterlife
D:5:      layout_cave_pods, nicolae_shop_overcharged_wands, uniq_edmund
D:6:      layout_loops_cross, mainiacjoe_overflow_brackets, uniq_menkaure,
          uniq_duvessa, uniq_maggie
Temple:   compressed_dpeg_circular_temple

Skill      XL: |  1  2  3  4  5  6  7  8 |
---------------+-------------------------+-----
Maces & Flails | 3 4 5 6 7 |  7.0
Fighting       | 3 4 |  4.6
Dodging        | 3 4 5 |  5.0
Stealth        | 2 |  2.3

Action                   |  1- 3 |  4- 6 |  7- 9 || total
-------------------------+-------+-------+-------++-------
Melee: Mace              |   163 |   144 |       ||   307
       Punch             |     2 |       |       ||     2
       Dire flail        |       |    55 |       ||    55
       Morningstar       |       |    13 |    19 ||    32
       Flail             |       |       |    52 ||    52
Invok: Ancestor Life: Ba |       |     1 |       ||     1
 Stab: Sleeping          |     4 |     4 |       ||     8
       Distracted        |       |       |     2 ||     2
Armor: Robe              |    72 |    63 |    19 ||   154
Dodge: Dodged            |   105 |   163 |    36 ||   304

Table legend: (Time is in decaauts)
 A = Elapsed time spent in this place.
 B = Non-inter-level travel time spent in this place.
 C = Inter-level travel time spent in this place.
 D = Time resting spent in this place.
 E = Time spent auto-exploring this place.
 F = Levels seen in this place.
 G = Mean time per level.
                   A        B        C        D        E       F      G
               +--------+--------+--------+--------+--------+-----+--------+
         Total |   5250 |   5062 |    188 |      0 |   1967 |   7 |  750.0 |
       Dungeon |   5083 |   4895 |    188 |      0 |   1886 |   6 |  847.2 |
        Temple |    166 |    166 |      0 |      0 |     81 |   1 |  166.0 |
               +--------+--------+--------+--------+--------+-----+--------+

Top non-repeatable levels by time:
     D:4: 1127 daAuts
     D:3: 1030 daAuts
     D:2: 992 daAuts
     D:1: 931 daAuts
     D:5: 888 daAuts
  Temple: 166 daAuts
     D:6: 113 daAuts
